 Dungeon Crawl Stone Soup version 0.30-a0-1016-gfb0d676c02 (webtiles) character file.

Game seed: 856507127346643955

106 DeathPants the Insei (level 4, 0/33 HPs)
             Began as a Demonspawn Transmuter on Apr 6, 2023.
             Slain by an orc priest
             ... wielding a +0 club
              (3 damage)
             ... on level 3 of the Dungeon.
             The game lasted 00:07:19 (2052 turns).

DeathPants the Insei (Demonspawn Transmuter)        Turns: 2052, Time: 00:07:19

Health: 0/33       AC:  3    Str: 12    XL:     4   Next: 55%
Magic:  7/8        EV: 12    Int: 15    God:
Gold:   132        SH:  0    Dex: 13    Spells: 5/8 levels left

rFire   . . .      SeeInvis .      - Unarmed
rCold   . . .      Faith    .    (no shield)
rNeg    . . .      Spirit   .    a - +0 robe
rPois   .          Reflect  .    (helmet currently unavailable)
rElec   .          Rampage  .    (no cloak)
rCorr   .                        c - +0 pair of gloves
Will    .....                    i - melded +1 pair of boots
Stlth   +                        (no amulet)
HPRegen 0.25/turn                (no ring)
MPRegen 0.11/turn                (no ring)

@: appendages
A: talons 2, antennae 1, demonic magic 2
a: End Transformation


You were on level 3 of the Dungeon.
You had temporarily grown beastly talons.
You visited 1 branch of the dungeon, and saw 4 of its levels.

You collected 132 gold pieces.

Inventory:

Armour
 a - a +0 robe (worn)
 c - a +0 pair of gloves (worn)
 i - a +1 pair of boots (melded)
Jewellery
 l - a ring of positive energy
Wands
 d - a wand of mindburst (17)
Potions
 b - 2 potions of lignification
 e - a potion of resistance
 f - a potion of cancellation
 g - a potion of heal wounds
 h - a potion of mutation
 j - a potion of attraction {unknown}
 k - a potion of curing {unknown}
 m - a potion of berserk rage {unknown}


   Skills:
 + Level 2.0 Fighting
 + Level 2.4 Dodging
 + Level 3.2 Unarmed Combat
 + Level 2.6 Spellcasting
 + Level 2.4 Transmutations


You had 5 spell levels left.
You knew the following spells:

 Your Spells              Type           Power      Damage    Failure   Level
a - Beastly Appendage     Tmut           18%        N/A       8%          1
b - Wereblood             Tmut           9%         N/A       12%         2

Your spell library contained the following spells:

 Spells                   Type           Power      Damage    Failure   Level
 Spider Form              Tmut/Pois      5%         N/A       36%         3
 Ice Form                 Ice/Tmut       5%         N/A       77%         4


Dungeon Overview and Level Annotations

Branches:
Dungeon (4/15)
 Temple: D:4-7

Altars:


Innate Abilities, Weirdness & Mutations

You have temporarily grown beastly talons.
You have a pair of small antennae on your head.
Spells you cast may paralyse nearby enemies.


Message History

The orc priest is lightly wounded.
The orc priest looks braver for a moment.
You closely miss the orc priest.
The orc priest is lightly wounded.
The orc priest hits you but does no damage.
You hit the orc priest.
The orc priest is moderately wounded.
The orc priest hits you with a +0 club.
You barely miss the orc priest.
The orc priest is moderately wounded.
The orc priest hits you with a +0 club.
You hit the orc priest but do no damage.
The orc priest is moderately wounded.
The orc priest casts a cantrip, but nothing happens.
You hit the orc priest.
The orc priest is heavily wounded.
The orc priest hits you but does no damage.
You hit the orc priest but do no damage.
The orc priest is heavily wounded.
The orc priest invokes the aid of Beogh against you.
Pain shoots through your body!
* * * LOW HITPOINT WARNING * * *
You hit the orc priest.
The orc priest is heavily wounded.
The orc priest closely misses you.
You hit the orc priest.
The orc priest is heavily wounded.
The orc priest hits you with a +0 club.
* * * LOW HITPOINT WARNING * * *
Casting: Beastly Appendage (safe; 8% risk of failure)
Press: ? - help, Q - select action, (/) - cycle Dir - look around, f - activate Your feet morph into talons.
Your +1 pair of boots melds into your body.
Malevolent energies surge around you. The orc priest hits you with a +0 club.
* * * LOW HITPOINT WARNING * * *
You closely miss the orc priest.
The orc priest is heavily wounded.
The orc priest hits you with a +0 club.
You die...

######### #<......###
#######.#........####
.....÷....###.##.....
#######.##..........#
#.##.##.#######
#.##.##.####### #
#........†@o..#####.###
####.########..........
#.####.......[....#
#.##..............#
#.#>...######o......
.#######.#....# .#o....
...........#..###
.#..###
.######.........### .#
o# #...........# .# .


You could see an orc priest.

Vanquished Creatures
  Jessica (D:2)
  3 adders
  A worm (D:2)
  3 dart slugs
  4 orcs (D:3)
  2 bats (D:1)
  2 endoplasms (D:1)
  3 giant cockroaches
  4 goblins
  5 hobgoblins
  2 ball pythons
  4 frilled lizards
  6 kobolds
  A rat (D:2)
41 creatures vanquished.

Vanquished Creatures (others)
  4 fungi (D:2)
  4 toadstools (D:2)
8 creatures vanquished.

Grand Total: 49 creatures vanquished

Notes
Turn   | Place    | Note
-------+----------+-------------------------------------------
     0 | D:1      | DeathPants the Demonspawn Transmuter began the quest for
                  | the Orb.
     0 | D:1      | Reached XP level 1. HP: 15/15 MP: 3/3
    92 | D:1      | Gained mutation: Spells you cast may paralyse adjacent
                  | enemies. [demonic ancestry]
    92 | D:1      | Reached XP level 2. HP: 16/21 MP: 3/5
   658 | D:2      | Lost mutation: You have a pair of horns on your head.
                  | [demonic ancestry]
   658 | D:2      | Lost mutation: You have a pair of small horns on your head.
                  | [demonic ancestry]
   658 | D:2      | Gained mutation: You have a pair of small antennae on your
                  | head. [demonic ancestry]
   658 | D:2      | Reached XP level 3. HP: 26/26 MP: 4/6
   690 | D:2      | Reached skill level 3 in Unarmed Combat
   790 | D:2      | Found a faded altar of an unknown god.
   790 | D:2      | Noticed a chaos spawn
  1349 | D:2      | Learned a level 2 spell: Wereblood
  1667 | D:2      | Noticed Jessica
  1672 | D:2      | Killed Jessica
  1673 | D:2      | Gained mutation: Spells you cast may paralyse nearby
                  | enemies. [demonic ancestry]
  1673 | D:2      | Reached XP level 4. HP: 33/33 MP: 5/7
  2052 | D:3      | Slain by an orc priest

Illustrated notes

Levels and vault maps discovered:
D:1:      tarquinn_simple_flora_water_d, layout_basic,
          hangedman_decor_clover_reticule, hex_intersection
D:2:      layout_basic, dreamdust_ecumenical_altar_sealed_demon,
          minmay_gold_behind_fungi, uniq_jessica
D:3:      layout_loops_ring, st_stairs_12, dk_noncrumbling_3
D:4:      layout_loops_ring, nicolae_hepliaklqana_hazy_memory, uniq_grinder

Skill      XL: |  1  2  3 |
---------------+----------+-----
Dodging        | 2 |  2.4
Transmutations | 2 |  2.4
Unarmed Combat | 3 |  3.2
Fighting       | 2 |  2.0
Spellcasting   | |  2.6

Action                     |  1- 3 |  4- 6 || total
---------------------------+-------+-------++-------
  Melee: Unarmed           |   112 |    30 ||   142
         Kick              |    15 |     4 ||    19
         Headbutt          |     2 |       ||     2
         Punch             |     2 |       ||     2
   Cast: Beastly Appendage |    16 |     2 ||    18
    Use: Scroll            |     4 |     4 ||     8
         Potion            |       |     1 ||     1
   Stab: Paralysed         |     6 |     3 ||     9
 Armour: Robe              |    25 |     3 ||    28
  Dodge: Dodged            |    62 |     9 ||    71

Table legend: (Time is in decaauts)
 A = Elapsed time spent in this place.
 B = Non-inter-level travel time spent in this place.
 C = Inter-level travel time spent in this place.
 D = Time resting spent in this place.
 E = Time spent auto-exploring this place.
 F = Levels seen in this place.
 G = Mean time per level.
                   A        B        C        D        E       F      G
               +--------+--------+--------+--------+--------+-----+--------+
         Total |   2046 |   2025 |     21 |      8 |   1490 |   4 |  511.5 |
       Dungeon |   2046 |   2025 |     21 |      8 |   1490 |   4 |  511.5 |
               +--------+--------+--------+--------+--------+-----+--------+

Top non-repeatable levels by time:
     D:2: 1290 daAuts
     D:1: 624 daAuts
     D:3: 129 daAuts
     D:4: 1 daAuts
